 Dungeon Crawl Stone Soup version 0.29.1-1-gd02db6906a (webtiles) character file.

Game seed: 9669273976751919588

102 mcbry74 the Chopper (level 4, -5/40 HPs)
             Began as a Minotaur Fighter on Sept 28, 2022.
             Killed by divine providence
             ... invoked by an orc priest
              (14 damage)
             ... on level 3 of the Dungeon.
             The game lasted 00:03:53 (2076 turns).

mcbry74 the Chopper (Minotaur Fighter)              Turns: 2076, Time: 00:03:53

Health: -5/40      AC:  7    Str: 21    XL:     4   Next: 50%
Magic:  3/3        EV:  9    Int:  7    God:
Gold:   105        SH:  4    Dex:  9    Spells: 3/3 levels left

rFire   . . .      SeeInvis .   a - +0 war axe
rCold   . . .      Faith    .   c - +0 buckler
rNeg    . . .      Spirit   .   b - +0 scale mail
rPois   .          Reflect  .   (helmet restricted)
rElec   .          Harm     .   (no cloak)
rCorr   .          Rampage  .   (no gloves)
Will    .....                   (no boots)
Stlth   ..........              (no amulet)
HPRegen 0.13/turn               (no ring)
MPRegen 0.08/turn               (no ring)

@: no status effects
A: horns 2, retaliatory headbutt
a: no special abilities


You were on level 3 of the Dungeon.
You visited 1 branch of the dungeon, and saw 3 of its levels.

You collected 105 gold pieces.

Inventory:

Hand Weapons
 a - a +0 war axe (weapon)
Missiles
 e - 43 stones (quivered)
 l - 4 datura-tipped darts
Armour
 b - a +0 scale mail (worn)
 c - a +0 buckler (worn)
Wands
 i - a wand of quicksilver (10)
Scrolls
 j - a scroll of teleportation
 m - 2 scrolls of magic mapping
Potions
 d - a potion of might
 f - a potion of haste {unknown}
 g - a potion of berserk rage {unknown}
 h - 4 potions of heal wounds {unknown}
 k - a potion of curing {unknown}
 n - 2 potions of mutation {unknown}


   Skills:
 - Level 4.0 Fighting
 * Level 4.6 Axes
 + Level 1.4 Throwing
 - Level 4.0 Armour
 - Level 4.0 Shields


You had 3 spell levels left.
You didn't know any spells.
Your spell library was empty.

Dungeon Overview and Level Annotations

Branches:
Dungeon (3/15)

Altars:
Cheibriados


Innate Abilities, Weirdness & Mutations

You have a pair of horns on your head.
You reflexively headbutt those who attack you in melee.


Message History

You closely miss the orc. The orc hits you but does no damage.
You slash the orc!
You kill the orc!
You closely miss the orc.
The orc priest invokes the aid of Beogh against you.
Beogh smites you! The orc hits you with a +0 hand axe.
The kobold barely misses you. The rat bites you but does no damage.
The orc closely misses you.
You hit the orc. You headbutt the orc.
The orc is almost dead.
You completely miss the rat. You miss the kobold.
You block the kobold's attack. The orc barely misses you.
The rat bites you but does no damage.
You closely miss the orc.
The orc is almost dead.
You slash the rat!
You kill the rat!
You hit the kobold. The orc hits you but does no damage.
The kobold hits you but does no damage.
You slash the orc priest!
The orc priest is severely wounded.
You hit the kobold.
You kill the kobold!
You hit the orc but do no damage.
The orc priest hits you but does no damage.
The orc closely misses you.
The orc priest mumbles some strange prayers to Beogh against you.
Beogh smites you!
* * * LOW HITPOINT WARNING * * *
The orc barely misses you.
You closely miss the orc priest. Your headbutt misses the orc priest.
The orc priest is severely wounded.
You barely miss the orc. The orc priest barely misses you. The orc misses you.
You furiously retaliate!
You headbutt the orc.
You kill the orc!
You barely miss the orc priest.
The orc priest is severely wounded.
The orc priest mumbles some strange prayers to Beogh against you.
Beogh smites you!
You die...

#.## ...# #..#### ## #
...... .# #. ... ....
#.#####.# .#. #.....o)#
.. #.....)@# .# #
##...###......)##.##...#
##.....##...............#
#.......#......<#####...#
#.......#.......# #
#.......#.......####
#.......####........
#.#...#.####..#####.
#.##..........#


You could see an orc priest.

Vanquished Creatures
  An orc priest (D:3)
  2 adders
  A worm (D:3)
  A dart slug (D:3)
  2 orcs (D:3)
  6 bats
  3 endoplasms (D:2)
  4 goblins
  3 hobgoblins
  2 jackals (D:1)
  10 kobolds
  2 quokkas (D:2)
  4 ball pythons
  3 frilled lizards
  7 rats
51 creatures vanquished.

Notes
Turn   | Place    | Note
-------+----------+-------------------------------------------
     0 | D:1      | mcbry74 the Minotaur Fighter began the quest for the Orb.
     0 | D:1      | Reached XP level 1. HP: 19/19 MP: 0/0
   572 | D:1      | Reached XP level 2. HP: 27/27 MP: 1/1
  1067 | D:2      | Reached XP level 3. HP: 30/33 MP: 2/2
  1925 | D:3      | Reached skill level 1 in Throwing
  1991 | D:3      | Reached XP level 4. HP: 40/40 MP: 3/3
  2038 | D:3      | Found a snail-covered altar of Cheibriados.
  2076 | D:3      | Killed from afar by an orc priest

Illustrated notes

Levels and vault maps discovered:
D:1:      dpeg_arrival_three_same_balls, layout_basic
D:2:      layout_rooms
D:3:      layout_loops_cross, cheibriados_altar_1,
          ebering_ghost_reflecting_pool, minmay_unequal

Skill      XL: |  1  2  3 |
---------------+----------+-----
Axes           | 3 4 |  4.6
Fighting       | 4 |  4.0
Armour         | 4 |  4.0
Shields        | 4 |  4.0
Throwing       | 1 |  1.4

Action                   |  1- 3 |  4- 6 || total
-------------------------+-------+-------++-------
Melee: War axe           |   119 |    12 ||   131
       Headbutt          |    11 |     1 ||    12
  Use: Scroll            |     2 |       ||     2
Armor: Scale mail        |    69 |     7 ||    76
Dodge: Dodged            |    66 |     8 ||    74
Block: Buckler           |    33 |     2 ||    35
